 Dungeon Crawl Stone Soup version 0.31-a0-204-g7da18cac08 (webtiles) character file.

Game seed: 13987537280167486153

326 qw the Skirmisher (level 6, -1/35 HPs)
             Began as a Deep Elf Hunter on June 27, 2023.
             Slain by an orc
             ... wielding a +0 flail
              (4 damage)
             ... on level 4 of the Dungeon.
             The game lasted 00:01:02 (2136 turns).

qw the Skirmisher (Deep Elf Hunter)                 Turns: 2136, Time: 00:01:03

Health: -1/35      AC:  6    Str: 10    XL:     6   Next: 24%
Magic:  8/8        EV: 11    Int: 14    God:
Gold:   46         SH:  0    Dex: 18    Spells: 5/5 levels left

rFire   . . .        Y - +0 shortbow
rCold   . . .        (shield currently unavailable)
rNeg    . . .        f - +0 ring mail
rPois   .            (no helmet)
rElec   .            (no cloak)
rCorr   .            h - +0 pair of gloves
SInv    .            (no boots)
Will    .....        c - amulet of faith
Stlth   +            (no ring)
HPRegen 0.25/turn    (no ring)
MPRegen 0.11/turn

%: faith
@: about to teleport
A: no striking features
a: no special abilities


You were on level 4 of the Dungeon.
You visited 1 branch of the dungeon, and saw 4 of its levels.

You collected 126 gold pieces.
You spent 80 gold pieces at shops.


   Skills:
 - Level 2.0 Fighting
 + Level 9.8 Ranged Weapons
 - Level 2.4 Dodging
 - Level 1.2 Stealth


You had 5 spell levels left.
You didn't know any spells.
Your spell library was empty.

Inventory:

Hand Weapons
 Y - a +0 shortbow (weapon)
Armour
 f - a +0 ring mail (worn)
 h - a +0 pair of gloves (worn)
Jewellery
 c - an amulet of faith (around neck)
Scrolls
 a - a scroll of teleportation
 b - a scroll of revelation {unknown}
 i - a scroll of identify
Potions
 d - 2 potions of haste
 g - a potion of heal wounds {unknown}

Dungeon Overview and Level Annotations

Branches:
Dungeon (4/15)
 Temple: D:4-7

Altars:
Hepliaklqana

Shops:
D:2 ?


Message History

The ogre barely misses you.
You shoot an arrow. The arrow hits the ogre!
The ogre is heavily wounded.
The jackal barely misses you. The orc hits you but does no damage.
You shoot an arrow. The arrow hits the ogre!
The ogre is severely wounded.
The jackal closely misses you.
The orc complains repeatedly, as Orcs often do.
The ogre closely misses you.
The jackal bites you but does no damage.
You shoot an arrow.
The arrow hits the ogre but does no damage.
The ogre is severely wounded.
The jackal bites you but does no damage.
The orc closely misses you. The ogre barely misses you.
You shoot an arrow.
The arrow hits the ogre but does no damage.
The ogre is severely wounded.
The jackal bites you but does no damage.
The orc hits you with a +0 flail. The orc hits you but does no damage.
The orc hits you with a +0 short sword. The jackal closely misses you.
You shoot an arrow. The arrow barely misses the ogre.
The arrow barely misses the orc wizard.
The orc wizard gestures wildly while chanting.
The orc wizard flickers and vanishes!
Deactivating autopickup; reactivate with Ctrl-A.
The orc hits you with a +0 flail. The orc hits you but does no damage.
The orc completely misses you. The ogre misses you.
The jackal bites you but does no damage.
You shoot an arrow.
The arrow hits the ogre but does no damage.
The ogre is severely wounded.
The jackal barely misses you. The orc hits you with a +0 flail.
The orc hits you with a +0 short sword. The ogre barely misses you.
The jackal bites you.
2136 ||| READING 2 scrolls of teleportation.
As you read the scroll of teleportation, it crumbles to dust.
You feel strangely unstable. The orc hits you with a +0 flail.
You die...

. ####+#...#....#..#..#
#.. #. #.######.#......
....#.####.#.##...#......
#.#.#.#.##...##.###.#....
.......>####.##.....#.#..
#.....).....#####.#####.
.....#.%###### #.#####.
### #......# #.#####.
#.o@o#.# #.#####.
#...hO{..# #.......
<......o...# #######.
#####......# ####.
........# .......#.#
.<........# .........#.#


You could see an ogre, 3 orcs and a jackal.

Vanquished Creatures
  Grinder (D:3)
  7 adders
  2 worms (D:4)
  A dart slug (D:1)
  5 endoplasms
  2 giant cockroaches
  3 goblins
  7 hobgoblins
  5 jackals
  4 kobolds
  5 quokkas
  3 ball pythons
  3 bats
  3 frilled lizards
  6 rats
57 creatures vanquished.

Notes
Turn   | Place    | Note
-------+----------+-------------------------------------------
     0 | D:1      | qw the Deep Elf Hunter began the quest for the Orb.
     0 | D:1      | Reached XP level 1. HP: 12/12 MP: 3/3
     0 | D:1      | 0 ||| qw: Version: 0.3-a-22-g0ed2b0b
     0 | D:1      | 0 ||| qw: Game counter: 6490
     0 | D:1      | 0 ||| qw: Melee chars always use a shield: true
     0 | D:1      | 0 ||| qw: God list: Okawaru
     0 | D:1      | 0 ||| qw: Allow faded altars: false
     0 | D:1      | 0 ||| qw: Do Orc after clearing Dungeon:15 true
     0 | D:1      | 0 ||| qw: Do second Lair branch before Depths: true
     0 | D:1      | 0 ||| qw: Lair rune preference: random
     0 | D:1      | 0 ||| qw: Goals: Normal
     0 | D:1      | 0 ||| PLANNING D:1-11
   247 | D:1      | Reached XP level 2. HP: 16/16 MP: 4/4
   254 | D:1      | Reached skill level 6 in Ranged Weapons
   678 | D:1      | 678 ||| UPGRADING to +0 ring mail.
   688 | D:1      | 688 ||| DROPPING +0 leather armour.
   689 | D:1      | 689 ||| READING 2 scrolls labelled KEUTROUWKA.
   690 | D:1      | 690 ||| READING scroll labelled NUXKUPT TIBRA.
   693 | D:1      | 693 ||| READING scroll labelled FEVVISTR GIOTWE.
   694 | D:1      | 694 ||| DROPPING scroll of noise.
   695 | D:1      | 695 ||| DROPPING scroll of butterflies.
   803 | D:2      | Reached XP level 3. HP: 8/20 MP: 5/5
   805 | D:2      | HP: 5/20 [poisoned by an adder]
   924 | D:2      | 924 ||| DROPPING +1 sling of electrocution.
   977 | D:2      | Reached skill level 7 in Ranged Weapons
  1114 | D:2      | Found Xymaceomp's Magic Scroll Shop.
  1127 | D:2      | Reached XP level 4. HP: 25/25 MP: 6/6
  1129 | D:2      | 1129 ||| BUYING scroll of identify (20 gold).
  1129 | D:2      | Bought a scroll of identify for 20 gold pieces
  1129 | D:2      | 1129 ||| BUYING scroll of identify (20 gold).
  1129 | D:2      | Bought a scroll of identify for 20 gold pieces
  1129 | D:2      | 1129 ||| BUYING scroll of identify (20 gold).
  1129 | D:2      | Bought a scroll of identify for 20 gold pieces
  1129 | D:2      | 1129 ||| BUYING scroll of identify (20 gold).
  1129 | D:2      | Bought a scroll of identify for 20 gold pieces
  1129 | D:2      | 1129 ||| SHOPLISTING scroll of teleportation (30 gold, have
                  | 3).
  1336 | D:2      | 1336 ||| UPGRADING to amulet of faith.
  1341 | D:2      | 1341 ||| READING scroll labelled VOMODA SEXUK.
  1342 | D:2      | 1342 ||| READING 4 scrolls labelled WOJIHO FYEVU.
  1343 | D:2      | 1343 ||| READING scroll labelled FIAGIC WO NUNOS.
  1344 | D:2      | 1344 ||| READING scroll labelled UMIFIM URIQUTO.
  1345 | D:2      | 1345 ||| READING 5 scrolls of identify.
  1345 | D:2      | 1345 ||| IDENTIFYING lumpy black potion
  1346 | D:2      | 1346 ||| READING 4 scrolls of identify.
  1346 | D:2      | 1346 ||| IDENTIFYING blue potion
  1347 | D:2      | 1347 ||| DROPPING 3 scrolls of immolation.
  1349 | D:2      | 1349 ||| Stepping ~*~*~tactically~*~*~ (cloud).
  1350 | D:2      | 1350 ||| DRINKING potion of curing.
  1350 | D:2      | 1350 ||| (to cure poison)
  1420 | D:3      | 1420 ||| STAIRDANCE
  1521 | D:3      | Noticed Grinder
  1526 | D:3      | Paralysed by Grinder for 5 turns
  1546 | D:3      | Found a hazy altar of Hepliaklqana.
  1561 | D:3      | Killed Grinder
  1562 | D:3      | Reached skill level 9 in Ranged Weapons
  1562 | D:3      | Reached XP level 5. HP: 22/29 MP: 7/7
  1562 | D:3      | Reached XP level 6. HP: 25/34 MP: 8/8
  1753 | D:3      | Found a faded altar of an unknown god.
  1953 | D:3      | 1953 ||| UPGRADING to +0 pair of gloves.
  1958 | D:3      | 1958 ||| READING 3 scrolls of identify.
  1958 | D:3      | 1958 ||| IDENTIFYING yellow potion
  1959 | D:3      | 1959 ||| READING 2 scrolls of identify.
  1959 | D:3      | 1959 ||| IDENTIFYING fizzy blue potion
  1960 | D:3      | 1960 ||| DROPPING potion of brilliance.
  1961 | D:3      | 1961 ||| DROPPING potion of berserk rage.
  2089 | D:4      | 2089 ||| FLEEEEING.
  2135 | D:4      | HP: 8/35 [orc/+0 flail (4)]
  2135 | D:4      | HP: 3/35 [jackal (3)]
  2136 | D:4      | 2136 ||| READING 2 scrolls of teleportation.
  2136 | D:4      | Slain by an orc

Levels and vault maps discovered:
D:1:      roderic_chinese_lattice_arrival, layout_basic, minmay_misc_feat_chi
D:2:      layout_rooms, serial_shops, shop, minmay_pentomino_t4
D:3:      layout_rooms, lemuel_round_altar, basic_ecumenical_altar,
          solitary_fountain, uniq_grinder
D:4:      layout_basic, ebering_dispersal_statue_hall, reono_crystal_passage,
          eino_small_chamber_without_monster

Skill      XL: |  1  2  3  4  5  6 |
---------------+-------------------+-----
Ranged Weapons | 6 7 9 |  9.8
Fighting       | 2 |  2.0
Dodging        | |  2.4
Stealth        | |  1.2

Action                     |  1- 3 |  4- 6 || total
---------------------------+-------+-------++-------
   Fire: Shortbow          |   132 |   108 ||   240
    Use: Scroll            |     3 |     9 ||    12
         Potion            |       |     1 ||     1
 Armour: Leather armour    |     6 |       ||     6
         Ring mail         |    21 |    30 ||    51
  Dodge: Dodged            |    44 |    62 ||   106

Table legend:
 A = Non-vault XP
 B = Vault XP
 C = Vault XP percentage of total XP
 D = Non-vault monster count
 E = Vault monster count
 F = Vault count percentage of total count
                 A         B        C        D         E       F
            +---------+---------+-------+---------+---------+-------
      Total |     179 |     287 |  61.6 |      53 |       4 |   7.0
            +---------+---------+-------+---------+---------+-------
        D:1 |      18 |       0 |   0.0 |      10 |       0 |   0.0
        D:2 |      87 |       6 |   6.5 |      24 |       3 |  11.1
        D:3 |      39 |     281 |  87.8 |      10 |       1 |   9.1
        D:4 |      35 |       0 |   0.0 |       9 |       0 |   0.0
            +---------+---------+-------+---------+---------+-------
